 Dungeon Crawl Stone Soup version 0.31-a0-876-gfe8ebadbca (webtiles) character file.

Game seed: 525990880957709906

81 Ahpoh the Slasher (level 4, -1/33 HPs)
             Began as a Demonspawn Gladiator on Oct 13, 2023.
             Succumbed to an orc's poison
             ... on level 3 of the Dungeon.
             The game lasted 00:02:51 (1079 turns).

Ahpoh the Slasher (Demonspawn Gladiator)            Turns: 1079, Time: 00:02:52

Health: -1/33      AC:  7    Str: 14    XL:     4   Next: 19%
Magic:  0/4        EV: 10    Int: 10    God:
Gold:   124        SH:  0    Dex: 16    Spells: 3/3 levels left

rFire   . . .        a - +0 long sword
rCold   . . .        (no shield)
rNeg    . . .        e - +0 scale mail
rPois   .            c - +0 helmet
rElec   .            (no cloak)
rCorr   .            (no gloves)
SInv    .            (no boots)
Will    +....        k - amulet of guardian spirit Stlth
                     (no ring)
HPRegen 0.25/turn    (no ring)
MPRegen 0.09/turn

%: guardian spirit
@: confused, lethally poisoned (-1 -> -10), attractive, enlightened, flying
A: hooves 2
a: no special abilities


You were on level 3 of the Dungeon.
You visited 1 branch of the dungeon, and saw 3 of its levels.

You collected 124 gold pieces.

Inventory:

Hand Weapons
 a - a +0 long sword (weapon)
Missiles
 b - a javelin
 d - 3 throwing nets (quivered)
Armour
 c - a +0 helmet (worn)
 e - a +0 scale mail (worn)
Jewellery
 k - an amulet of guardian spirit (around neck)
 l - a ring of ice
Scrolls
 g - a scroll of enchant armour {unknown}
 i - 2 scrolls of identify {unknown}
 j - a scroll of noise {unknown}
Potions
 f - a potion of enlightenment
 m - a potion of heal wounds {unknown}


   Skills:
 + Level 2.3 Fighting
 + Level 3.8 Long Blades
 + Level 1.9 Throwing
 + Level 0.5 Armour
 + Level 3.1 Dodging
 + Level 0.6 Stealth


You had 3 spell levels left.
You didn't know any spells.
Your spell library was empty.

Dungeon Overview and Level Annotations

Branches:
Dungeon (3/15)

Altars:
Trog

Shops:
D:1 [


Innate Abilities, Weirdness & Mutations

You have hoof-like feet.


Message History

You are no longer corroded.
HP restored.
An orc wizard comes into view. It is wielding a +0 dagger.
The orc wizard shouts!
An orc comes into view. It is wielding a +2 trident of venom.
The orc shouts!
An orc comes into view. It is wielding a +0 trident.
The orc shouts!
The orc wizard gestures at you while chanting.
The magic dart hits you.
The orc hits you from afar with a +2 trident of venom!
You are poisoned.
You barely miss the orc wizard.
You kick the orc wizard, but do no damage.
You feel very sick.
The orc wizard hits you with a +0 dagger.
The orc hits you but does no damage.
You are lethally poisoned!
You closely miss the orc wizard. Your kick misses the orc wizard.
You feel very sick. The orc wizard closely misses you.
The orc closely misses you.
You hit the orc wizard but do no damage.
You kick the orc wizard.
The orc wizard is moderately wounded.
* * * LOW HITPOINT WARNING * * *
You feel very sick. The orc wizard barely misses you.
The orc barely misses you.
The orc wizard gestures at you while chanting.
You are confused.
It was a potion of attraction.
You feel attractive to monsters.
* * * LOW HITPOINT WARNING * * *
You feel very sick.
The orc wizard hits you with a +0 dagger.
* * * LOW HITPOINT WARNING * * *
The orc hits you from afar with a +0 trident.
It was a potion of enlightenment.
You feel very buoyant.
You fly up into the air.
You die...

#.......########.########
#.......# #.# ####.####
#.# #....# #+# #....#
####....### . #.<.......#
... #.........####.....
#.>........@ooo....
####......####.....
#...#.## ... #...### .
##.## #.# ... .#.


You could see an orc wizard and 2 orcs.

Vanquished Creatures
  A jelly (D:3)
  Terence (D:2)
  An adder (D:2)
  2 endoplasms (D:2)
  2 hobgoblins (D:2)
  A ball python (D:1)
  A bat (D:2)
  A frilled lizard (D:2)
  A kobold (D:2)
  4 rats
15 creatures vanquished.

Notes
Turn   | Place    | Note
-------+----------+-------------------------------------------
     0 | D:1      | Ahpoh the Demonspawn Gladiator began the quest for the Orb.
     0 | D:1      | Reached XP level 1. HP: 16/16 MP: 1/1
   106 | D:1      | Found Jam Idda's Armour Shop.
   409 | D:2      | Found a bloodstained altar of Trog.
   472 | D:2      | Found a faded altar of an unknown god.
   614 | D:2      | Noticed Terence
   631 | D:2      | Killed Terence
   632 | D:2      | Gained mutation: You have large cloven feet. [demonic
                  | ancestry]
   632 | D:2      | Reached XP level 2. HP: 22/22 MP: 2/2
   632 | D:2      | Gained mutation: You have hoof-like feet. [demonic
                  | ancestry]
   632 | D:2      | Reached XP level 3. HP: 27/27 MP: 3/3
  1043 | D:3      | Reached XP level 4. HP: 28/33 MP: 4/4
  1078 | D:3      | HP: 1/33 [orc wizard/+0 dagger (2)]
  1079 | D:3      | Succumbed to an orc's poison

Illustrated notes

Levels and vault maps discovered:
D:1:      heliophobic_arrival_battle_scene, layout_rooms, serial_glass,
          glass_columns_a, glass_columns_a, serial_shops,
          nicolae_shop_waterfront, corexii_leaking_fountain
D:2:      layout_basic, basic_altar, shapermc_ecumenical_altar_mp_ritualfount,
          uniq_terence
D:3:      layout_loops_corners, uniq_grinder, uniq_ijyb

Skill      XL: |  1  2  3 |
---------------+----------+-----
Long Blades    | 3 |  3.8
Dodging        | 3 |  3.1
Fighting       | |  2.3
Throwing       | |  1.9
Armour         | |  0.5
Stealth        | |  0.6

Action                     |  1- 3 |  4- 6 || total
---------------------------+-------+-------++-------
  Melee: Long sword        |    32 |     3 ||    35
         Kick              |     9 |     2 ||    11
  Throw: Javelin           |     1 |       ||     1
         Throwing net      |     1 |       ||     1
    Use: Potion            |       |     2 ||     2
   Stab: Held in net/web   |     2 |       ||     2
 Armour: Scale mail        |    12 |     6 ||    18
  Dodge: Dodged            |    20 |     4 ||    24

Table legend: (Time is in decaauts)
 A = Elapsed time spent in this place.
 B = Non-inter-level travel time spent in this place.
 C = Inter-level travel time spent in this place.
 D = Time resting spent in this place.
 E = Time spent auto-exploring this place.
 F = Levels seen in this place.
 G = Mean time per level.
                   A        B        C        D        E       F      G
               +--------+--------+--------+--------+--------+-----+--------+
         Total |   1089 |   1053 |     36 |      0 |    802 |   3 |  363.0 |
       Dungeon |   1089 |   1053 |     36 |      0 |    802 |   3 |  363.0 |
               +--------+--------+--------+--------+--------+-----+--------+

Top non-repeatable levels by time:
     D:2: 696 daAuts
     D:1: 335 daAuts
     D:3: 56 daAuts
